 Dungeon Crawl Stone Soup version 0.16-a0-2038-g968ce0a (webtiles) character file.

107 thegroundistoosoft the Insei (level 4, 0/35 HPs)
             Began as a Mummy Monk on Nov 10, 2014.
             Slain by a centaur (4 damage)
             ... on level 5 of the Dungeon.
             The game lasted 00:18:40 (6624 turns).

thegroundistoosoft the Insei (Mummy Monk)           Turns: 6624, Time: 00:18:40

Health: 0/35       AC:  0    Str: 14    XL:     4   Next: 56%
Magic:  4/4        EV: 14    Int:  9    God:
Gold:   195        SH:  0    Dex: 18    Spells: 0 memorised, 3 levels left

rFire  x . .     SeeInvis .       - Unarmed
rCold  + . .     Clarity  .     (no armour)
rNeg   + + +     SustAb   .     (no shield)
rPois  +         Gourm    .     (no helmet)
rElec  .         Spirit   .     (no cloak)
rCorr  .         Warding  .     (no gloves)
rMut   .         Stasis   .     (no boots)
MR     +....                    (no amulet)
Stlth  ++........               h - +3 ring of dexterity
                                e - ring of protection from magic

@: about to teleport, somewhat resistant to hostile enchantments, unstealthy
A: no food or potions, fire vulnerability, restore body, cold resistance 1,
negative energy resistance 3, poison resistance, torment resistance, unbreathing
a: no special abilities


You were on level 5 of the Dungeon.
You were not hungry.

You visited 1 branch of the dungeon, and saw 5 of its levels.

You collected 195 gold pieces.


Innate Abilities, Weirdness & Mutations

You do not eat or drink.
Your flesh is vulnerable to fire.
Your flesh is cold resistant.
You are immune to negative energy.
Your system is resistant to poisons.
You are immune to unholy pain and torment.
You can survive without breathing.


   Skills:
 - Level 3.0 Fighting
 - Level 3.0 Dodging
 - Level 1.5 Stealth
 + Level 4.6 Unarmed Combat


You had 3 spell levels left.
You didn't know any spells.

Inventory:

Jewellery
 e - a ring of protection from magic (left hand)
 f - an uncursed ring of poison resistance
 h - a +3 ring of dexterity (right hand)
Scrolls
 g - 4 scrolls of remove curse
 j - a scroll of immolation {!r}
 k - a scroll of enchant armour
 l - a scroll of fog {unknown}
Comestibles
 c - 3 fruits (quivered)
 d - a bread ration
 i - a meat ration

Dungeon Overview and Level Annotations

Branches:
Dungeon (5/15)
 Temple: D:4-7

Altars:

Annotations:
D:3 exclusion: orc priest
D:4 exclusions: worker ant and 1 more exclusion, Edmund
D:5 3 exclusions

##......##
#########..
##c...##
##.......... #....#
##......)....
#....#
#..(###......
##...(## ##<.##
##..... ##......###
##..## ##....
#.......(.###....#
#....
#...####.........##
#.... ..##
##...@c...# #....
##......## #...#
##.....# #####
#.....# ##....#
##>### ##


You could see a centaur.


Message History

You barely miss the centaur.
The centaur is lightly wounded.
The centaur hits you.
You hit the centaur but do no damage.
The centaur is lightly wounded.
The centaur hits you. The centaur closely misses you.
You hit the centaur but do no damage.
The centaur is lightly wounded.
The centaur barely misses you.
You hit the centaur but do no damage.
The centaur is lightly wounded.
The centaur barely misses you.
You completely miss the centaur.
The centaur is lightly wounded.
The centaur hits you!
* * * LOW HITPOINT WARNING * * *
The centaur hits you.
* * * LOW HITPOINT WARNING * * *
Enter note: wow I've had better ideas Read which item? (? for menu, Esc to quit)
As you read the scroll of teleportation {teleblink}, it crumbles to dust.
You feel strangely unstable. The centaur closely misses you.
You hit the centaur.
The centaur is lightly wounded.
The centaur misses you. The centaur hits you.
* * * LOW HITPOINT WARNING * * *
You punch the centaur!
The centaur is heavily wounded.
The centaur hits you.
You die...

Action                   |  1- 3 |  4- 6 || total
-------------------------+-------+-------++-------
Melee: Unarmed           |   191 |    85 ||   276
  Use: Scroll            |     1 |     7 ||     8
 Stab: Sleeping          |     1 |     2 ||     3

Vault maps used:
D:1:      elethiomel_arrival_shortcut
D:4:      uniq_edmund
D:5:      old_forge, lemuel_doored_altar, grunt_temple_overflow_open,
          minmay_temple_entry_overgrown, first_bread

Notes
Turn   | Place    | Note
--------------------------------------------------------------
     0 | D:1      | thegroundistoosoft, the Mummy Monk, began the quest for the Orb.
     0 | D:1      | Reached XP level 1. HP: 18/18 MP: 1/1
   234 | D:1      | coulda scummed until I got rid of the traps though
   234 | D:1      | quality strats
   542 | D:1      | Reached XP level 2. HP: 22/24 MP: 2/2
  1294 | D:1      | gr8
  1531 | D:2      | Reached skill level 4 in Unarmed Combat
  2119 | D:2      | Reached XP level 3. HP: 15/29 MP: 3/3
  2927 | D:2      | Reached skill level 3 in Dodging
  3492 | D:3      | Reached XP level 4. HP: 22/35 MP: 4/4
  4025 | D:4      | Noticed Edmund
  4444 | D:4      | Noticed a phantom
  4468 | D:3      | DANGER
  5130 | D:4      | ha
  6166 | D:5      | Entered Level 5 of the Dungeon
  6183 | D:5      | Noticed an ogre
  6397 | D:5      | Noticed a centaur
  6398 | D:5      | why
  6622 | D:5      | wow I've had better ideas
  6624 | D:5      | Slain by a centaur

Vanquished Creatures
  An adder (D:2)
  2 worms
  2 giant geckos (D:3)
  6 orcs
  A ball python (D:4)
  6 bats
  A bat skeleton (D:4)
  5 giant cockroaches
  10 goblins
  6 hobgoblins
  11 jackals
  8 giant newts
  9 kobolds
  A kobold skeleton (D:4)
  A quokka (D:2)
  5 rats
75 creatures vanquished.
